 Dungeon Crawl Stone Soup version 0.25-b1-23-ge2ad7d536c (webtiles) character file.

Game seed: 16779074852739667811, levelgen mode: deterministic

16 MajorAdolf the Vexing (level 2, 0/26 HPs)
             Began as a Naga Wanderer on June 4, 2020.
             Slain by a kobold
             ... wielding a +0 short sword
              (5 damage)
             ... on level 1 of the Dungeon.
             The game lasted 00:01:27 (1068 turns).

MajorAdolf the Vexing (Naga Wanderer)               Turns: 1068, Time: 00:01:27

Health: 0/26       AC:  1    Str: 12    XL:     2   Next: 54%
Magic:  5/5        EV: 10    Int: 11    God:
Gold:   59         SH:  0    Dex: 13    Spells: 4/5 levels left

rFire    . . .     SeeInvis +   a - +0 dagger
rCold    . . .     Gourm    .   (no shield)
rNeg     . . .     Faith    .   e - +0 robe
rPois    +         Spirit   .   (no helmet)
rElec    .         Reflect  .   (no cloak)
rCorr    .         Harm     .   (no gloves)
MR       .....                  (no barding)
Stlth    ++........             (no amulet)
HPRegen  0.08/turn              (no ring)
MPRegen  0.09/turn              (no ring)

@: short of breath, very slow
A: large, see invisible, deformed body, poison resistance, slowness 2, slow
metabolism 1, spit poison 1, AC +0
a: Spit Poison


You were on level 1 of the Dungeon.
You were not hungry.

You visited 1 branch of the dungeon, and saw 1 of its levels.

You collected 59 gold pieces.

Inventory:

Hand Weapons
 a - a +0 dagger (weapon)
 l - a +0 hand axe
Armour
 e - a +0 robe (worn)
Scrolls
 c - a scroll of magic mapping {unknown}
 h - a scroll of enchant weapon {unknown}
 i - a scroll of blinking {unknown}
 k - 2 scrolls of identify {unknown}
 m - a scroll of immolation {unknown}
Potions
 b - a potion of haste
 d - 2 potions of lignification
 f - a potion of berserk rage
 j - a potion of resistance {unknown}
Comestibles
 g - 4 rations


   Skills:
 + Level 1.8 Fighting
 + Level 1.1 Dodging
 - Level 1.5 Stealth
 - Level 2.0 Unarmed Combat
 - Level 2.0 Spellcasting
   Level 2.0 Hexes
   Level 1.0 Transmutations
   Level 1.0 Evocations


You had 4 spell levels left.
You knew the following spells:

 Your Spells              Type           Power        Failure   Level  Hunger
a - Animate Skeleton      Necr           N/A          28%         1    ##.....

Your spell library contained the following spells:

 Spells                   Type           Power        Failure   Level  Hunger
 Vampiric Draining        Necr           #.........   65%         3    ####...


Dungeon Overview and Level Annotations

Branches:
Dungeon (1/15)

Altars:


Innate Abilities, Weirdness & Mutations

You cannot wear boots.
Your serpentine skin is tough. (AC +0)
You have supernaturally acute eyesight. (SInv)
Armour fits poorly on your strangely shaped body.
Your system is resistant to poisons. (rPois)
You cover ground very slowly.
You have a slow metabolism.
You can spit poison.


Message History

The kobold is heavily wounded.
The kobold closely misses you.
You barely miss the kobold.
The kobold is heavily wounded.
The kobold hits you with a +0 short sword.
* * * LOW HITPOINT WARNING * * *
The kobold barely misses you.
You have got your breath back.
Press: ? - help, Shift-Dir - straight line, f - kobold
Aim: a kobold, wielding a +0 short sword (heavily wounded)
The splash of poison misses the kobold.
You feel slightly more hungry. The kobold hits you but does no damage.
The kobold hits you with a +0 short sword.
* * * LOW HITPOINT WARNING * * *
You have got your breath back.
Press: ? - help, Shift-Dir - straight line, f/p - kobold
Aim: a kobold, wielding a +0 short sword (moderately wounded)
The splash of poison misses the kobold.
You feel slightly more hungry.
The kobold hits you with a +0 short sword.
You die...

#≈≈≈≈≈≈≈≈≈≈≈≈≈≈≈≈≈≈
#####......≈...≈..≈.
#.##....≈.........#.
#.##.........#......
#...........##....(.
###.#.......##......
#.#.....#.##.#####
#)#.#...#.##.# #
#@#.#####.##.# ###
#K#..........###..
#.######..........
#.#.........####..
#.#...............
#.##...........#..
#..............#..
####...........#..
####...........#..


You could see a kobold.

Vanquished Creatures
  A leopard gecko (D:1)
  4 giant cockroaches (D:1)
  3 hobgoblins (D:1)
  A ball python (D:1)
  A bat (D:1)
  2 kobolds (D:1)
  A rat (D:1)
13 creatures vanquished.

Notes
Turn   | Place    | Note
-------+----------+-------------------------------------------
     0 | D:1      | MajorAdolf the Naga Wanderer began the quest for the Orb.
     0 | D:1      | MajorAdolf set off with the following items: a +0 dagger, a
                  | potion of haste, a potion of lignification, a +0 robe, a
                  | potion of berserk rage, a ration; and the following spell
                  | memorised: Animate Skeleton; and the following spells
                  | available to memorise: Vampiric Draining
     0 | D:1      | Reached XP level 1. HP: 18/18 MP: 3/3
   217 | D:1      | Reached XP level 2. HP: 25/25 MP: 5/5
   795 | D:1      | Reached skill level 1 in Dodging
  1068 | D:1      | Slain by a kobold

Illustrated notes

Levels and vault maps discovered:
D:1:      denvon_arrival_waterhouse, layout_basic,
          chequers_serial_rivers_small_3, hangedman_decor_points

Skill      XL: |  1  2 |
---------------+-------+-----
Dodging        | 1 |  1.1
Fighting       | |  1.8
Stealth        | |  1.5
Unarmed Combat | |  2.0
Spellcasting   | |  2.0
Hexes          | |  2.0
Transmutations | |  1.0
Evocations     | |  1.0

Action                   || total
-------------------------++-------
Melee: Dagger            ||    52
 Abil: Spit Poison       ||     7
 Stab: Sleeping          ||     1
Armor: Robe              ||    12
Dodge: Dodged            ||    39
